 Dungeon Sprint DCSS version 0.31.0-9-g3a7656b989 (webtiles) character file.

Game seed: 14565654840489687064

94 Heoruswealwe the Poker (level 4, -2/45 HPs)
             Began as a Minotaur Fighter on Feb 2, 2024.
             Splashed by a jelly's acid (9 damage)
             ... in the Dungeon (Sprint IX: "|||||||||||||||||||||||||||||").
             The game lasted 00:00:23 (29 turns).

Heoruswealwe the Poker (Minotaur Fighter)             Turns: 29, Time: 00:00:27

Health: -2/45      AC:  3    Str: 23    XL:     4   Next: 38%
Magic:  3/3        EV:  9    Int:  5    God:
Gold:   0          SH:  4    Dex:  9    Spells: 3/3 levels left

rFire   . . .        a - +0 trident
rCold   . . .        d - +0 buckler
rNeg    . . .        c - +0 scale mail
rPois   .            (helmet restricted)
rElec   .            (no cloak)
rCorr   .            (no gloves)
SInv    .            (no boots)
Will    .....        (no amulet) Stlth
                     (no ring)
HPRegen 0.27/turn    (no ring)
MPRegen 0.08/turn

%: no teleportation
@: corroded
A: horns 2, retaliatory headbutt
a: no special abilities


You were in the Dungeon.
You visited 1 branch

Inventory:

Hand Weapons
 a - a +0 trident (weapon)
Armour
 c - a +0 scale mail (worn)
 d - a +0 buckler (worn)
Scrolls
 j - a scroll of blinking
Potions
 b - a potion of might
 e - a potion of curing
 g - a potion of haste
 h - 2 potions of magic
 i - a potion of berserk rage


   Skills:
 + Level 6.3 Fighting
 * Level 7.7 Polearms
 + Level 6.3 Armour
 - Level 3.6 Shields


You had 3 spell levels left.
You didn't know any spells.
Your spell library was empty.

Dungeon Overview and Level Annotations

Branches:
Dungeon (1/1)

Altars:


Innate Abilities, Weirdness & Mutations

You have a pair of horns on your head.
You reflexively headbutt those who attack you in melee.


Message History

The ogre is lightly wounded.
The ogre hits you with a +0 giant spiked club!!
Ouch! That really hurt!
* * * LOW HITPOINT WARNING * * *
You feel much better.
You hit the ogre. Your headbutt misses the ogre.
The ogre is moderately wounded.
The ogre hits you with a +0 giant spiked club!
You hit the ogre.
The ogre is heavily wounded.
The ogre hits you with a +0 giant spiked club!
You hit the ogre. You headbutt the ogre!
The ogre is almost dead.
The ogre barely misses you.
You hit the ogre.
You kill the ogre!
Your Fighting skill gained 2 levels and is now at level 6!
Your Polearms skill gained 3 levels and is now at level 7!
Your Armour skill gained 2 levels and is now at level 6!
You have reached level 3!
Your experience leads to an increase in your attributes!
Increase (S)trength, (I)ntelligence, or (D)exterity?
You feel stronger. x2
You have reached level 4!
You feel stronger.
You hit the jelly.
Your hands burn!
The jelly is lightly wounded.
The jelly barely misses you.
You hit the jelly. The acid corrodes you!
Your hands burn!
* * * LOW HITPOINT WARNING * * *
The jelly is moderately wounded.
The jelly barely misses you.
You hit the jelly.
Your hands burn!
* * * LOW HITPOINT WARNING * * *
You headbutt the jelly.
The jelly is severely wounded.
The jelly hits you.
* * * LOW HITPOINT WARNING * * *
You are splashed with acid!
You die...

▓+▓
▓.▓
▓.▓
▓l▓
▓l▓
▓s▓
▓J▓
▓@▓
▓.▓
▓.▓
▓.▓
▓.▓
▓)▓
▓.▓
▓.▓
▓.▓


You could see a scorpion, 2 iguanas and a jelly.

Vanquished Creatures
  An ogre (D)
  A gnoll (D)
  A goblin (D)
  A frilled lizard (D)
  2 rats (D)
6 creatures vanquished.

Notes
Turn   | Place    | Note
-------+----------+-------------------------------------------
     0 | D        | Heoruswealwe the Minotaur Fighter began the quest for the
                  | Orb.
     0 | D        | Reached XP level 1. HP: 19/19 MP: 0/0
     6 | D        | Reached skill level 3 in Polearms
     8 | D        | Reached skill level 4 in Polearms
     8 | D        | Reached XP level 2. HP: 27/28 MP: 1/1
    20 | D        | Noticed a scorpion
    20 | D        | Noticed an ogre
    26 | D        | Killed an ogre
    27 | D        | Reached skill level 7 in Polearms
    27 | D        | Reached XP level 3. HP: 15/38 MP: 2/2
    27 | D        | Reached XP level 4. HP: 18/45 MP: 3/3
    29 | D        | Splashed by a jelly's acid

Illustrated notes

Levels and vault maps discovered:
D:        linesprint [early_d, line_temple, items_1, d_10, items_2, lair_1,
          lair_end, items_3, orc_1, orc_end, items_4, d_15, swamp_1, shoals_1,
          snake_1, spider_1, d_20, vaults_1, items_5, swamp_end, shoals_end,
          snake_end, spider_end, vaults_end, d_27, items_6, zot_1, zot_end,
          crypt_end, forest_end, elf_end, slime_end, tomb_end, abyss_end,
          pan_hell_end]

Skill      XL: |  1  2 |
---------------+-------+-----
Polearms       | 4 7 |  7.7
Fighting       | 4 6 |  6.3
Armour         | 4 6 |  6.3
Shields        | |  3.6

Action                     |  1- 3 |  4- 6 || total
---------------------------+-------+-------++-------
  Melee: Trident           |    15 |     3 ||    18
         Headbutt          |     1 |     1 ||     2
    Use: Potion            |     1 |       ||     1
 Armour: Scale mail        |     8 |     1 ||     9
  Dodge: Dodged            |     1 |     2 ||     3
  Block: Buckler           |     1 |       ||     1
